 Dungeon Crawl Stone Soup version 0.19.5 (webtiles) character file.

62 miragecloak the Cudgeler (level 4, -1/35 HPs)
             Began as a Formicid Abyssal Knight on Apr 21, 2017.
             Was a Follower of Lugonu.
             Slain by an iron imp (2 damage)
             ... summoned by Eustachio
             ... on level 4 of the Dungeon.
             The game lasted 00:02:01 (1676 turns).

miragecloak the Cudgeler (Formicid Abyssal Knight)  Turns: 1676, Time: 00:02:02

Health: -1/35      AC:  3    Str: 16    XL:     4   Next: 28%
Magic:  6/6        EV: 11    Int: 12    God:    Lugonu [*.....]
Gold:   94         SH:  0    Dex: 11    Spells: 0 memorised, 3 levels left

rFire  . . .     SeeInvis +     a - +1 mace
rCold  . . .     Gourm    .     b - +0 leather armour
rNeg   . . .     Faith    .     (no shield)
rPois  .         Spirit   .     (helmet unavailable)
rElec  .         Reflect  .     (no cloak)
rCorr  .         Harm     .     (no gloves)
MR     .....                    (no boots)
Stlth  +.........               (no amulet)
                                (no ring)
                                (no ring)

@: no status effects
A: permanent stasis, dig shafts and tunnels, four strong arms, antennae 3
a: Dig, Shaft Self, Depart the Abyss, Renounce Religion


You were on level 4 of the Dungeon.
You worshipped Lugonu.
Lugonu was aware of your devotion.
You were hungry.

You visited 1 branch of the dungeon, and saw 4 of its levels.
You visited the Abyss 1 time.

You collected 94 gold pieces.

Inventory:

Hand Weapons
 a - a +1 mace (weapon)
Armour
 b - a +0 leather armour (worn)
Scrolls
 f - a scroll of teleportation {unknown}
 g - 2 scrolls of identify {unknown}
 j - a scroll of enchant weapon {unknown}
 k - a scroll of blinking {unknown}
 m - 2 scrolls of remove curse {unknown}
 q - a scroll of immolation {unknown}
 s - a scroll of random uselessness {unknown}
Potions
 d - a potion of mutation {unknown}
 e - a potion of haste {unknown}
 i - a potion of might {unknown}
 l - a potion of lignification {unknown}
 n - a potion of heal wounds {unknown}
 p - 2 potions of curing {unknown}
 r - a potion of flight {unknown}
Comestibles
 c - 4 bread rations
 h - a fruit
 o - a chunk of flesh


   Skills:
 - Level 3.2 Fighting
 * Level 3.7 Maces & Flails
 - Level 2.1 Armour
 - Level 0.8 Dodging
 + Level 3.2 Invocations


You had 3 spell levels left.
You didn't know any spells.

Dungeon Overview and Level Annotations

Branches:
Dungeon (4/15)
 Temple: D:4-7

Altars:

Annotations:
D:3 Robin
D:4 Eustachio


Innate Abilities, Weirdness & Mutations

You are under a permanent stasis effect.
You can dig through walls and to a lower floor.
Your four strong arms can wield two-handed weapons with a shield.
You have a pair of large antennae on your head. (SInv)


Message History

Eustachio casts a spell.
The iron imp hits you! Eustachio hits you with a rapier!
* * * LOW HITPOINT WARNING * * *
You closely miss Eustachio.
Eustachio is heavily wounded.
The howler monkey hoots and howls with incredible vigour!
The iron imp misses you.
The crimson imp blinks!
Eustachio closely misses you.
You hit Eustachio but do no damage.
Eustachio is heavily wounded.
The iron imp closely misses you. Eustachio closely misses you.
You miss Eustachio.
Eustachio is heavily wounded.
The iron imp hits you!
* * * LOW HITPOINT WARNING * * *
Eustachio barely misses you.
Some of the chunks of flesh in your inventory have rotted away.
Okay, then.
Are you sure you want to shaft yourself?
You feel somewhat more hungry. The iron imp hits you.
You die...

#.....#
#.....# .
#.....# ..
#.....# ...
#.....# ....
#.....#{...#
#.....#S...##
#....@@hh....
#....5#5.....
#.....#5.....
#.....#######
#...รท........
#............
#............
#............
#............


You could see Eustachio, a howler monkey, a hound, an iron imp, an adder and a
shadow imp.

Vanquished Creatures
  2 adders
  2 worms
  A leopard gecko (D:1)
  3 giant cockroaches
  8 goblins
  5 hobgoblins
  A quokka (D:4)
  3 bats (D:1)
  2 frilled lizards (D:1)
  4 kobolds (D:1)
  5 rats
36 creatures vanquished.

Notes
Turn   | Place    | Note
-------+----------+-------------------------------------------
     0 | Abyss:1  | miragecloak the Formicid Abyssal Knight began the quest for the Orb.
     0 | Abyss:1  | Reached XP level 1. HP: 18/18 MP: 2/2
     2 | D:1      | Escaped the Abyss
   185 | D:1      | Reached XP level 2. HP: 24/24 MP: 3/3
   198 | D:1      | Reached * piety under Lugonu
   687 | D:2      | Reached XP level 3. HP: 18/29 MP: 5/5
  1327 | D:3      | Noticed Robin
  1361 | D:4      | Reached XP level 4. HP: 26/35 MP: 6/6
  1666 | D:4      | Noticed Eustachio
  1675 | D:4      | HP: 1/35 [iron imp[Eustachio] (9)]
  1676 | D:4      | Slain by an iron imp

Skill      XL: |  1  2  3 |
---------------+----------+-----
Maces & Flails | 3 |  3.7
Invocations    | 3 |  3.2
Fighting       | |  3.2
Armour         | |  2.1
Dodging        | |  0.8

Action                   |  1- 3 |  4- 6 || total
-------------------------+-------+-------++-------
Melee: Mace              |   102 |    27 ||   129
Invok: Depart the Abyss  |     1 |       ||     1
 Abil: Shaft Self        |       |     1 ||     1
  Eat: Chunk             |     1 |     1 ||     2
Armor: Leather armour    |    32 |    10 ||    42
Dodge: Dodged            |    59 |    44 ||   103
